AoeStats
← fasfsk

Arena

510736879Analyzed
1v1 RM · 2d ago on Oct 2, 2026· 46m 52s· 2 players
Game mode
Random Map
Map size
Tiny (2 player)
Population
200
Speed
Normal
Resources
Standard
Victory
Conquest
Starting age
Dark Age
Ending age
Imperial Age
RankedLock teamsTeams togetherTeam positionsShared explorationLock speedFull tech treeHidden civsTurbo modeCheats
Victory
Defeat
🇪🇸 Franks · Spain
938
+16
🇹🇼 Britons · Taiwan
944
-16
fasfsk
4:44 Loom
10:21 Feudal Age
10:47 Double-Bit Axe
17:59 Castle Age
16:12 Gold Mining
16:55 Scale Barding Armor
17:44 Forging
18:55 Wheelbarrow
18:49 Bow Saw
23:44 Iron Casting
25:19 Chain Barding Armor
25:41 Stone Mining
28:26 Husbandry
29:33 Scale Mail Armor
29:25 Fletching
34:16 Imperial Age
32:28 Gold Shaft Mining
32:12 Chain Mail Armor
33:00 Hand Cart
32:31 Town Watch
32:35 Ordonnance Companies
33:39 Ballistics
33:45 Padded Archer Armor
38:02 Plate Barding Armor
39:42 Blast Furnace
39:25 Cavalier
42:21 Bodkin Arrow
47:55 Chemistry
47:01 Siphons
46:42 Arrowslits
47:10 Masonry
46:24 Paladin
小刀開狙鏡
6:27 Loom
10:14 Feudal Age
10:41 Double-Bit Axe
10:38 Horse Collar
17:39 Castle Age
16:55 Stone Mining
18:05 Gold Mining
18:50 Bow Saw
18:53 Pikeman
20:01 Scale Mail Armor
19:56 Fletching
20:56 Wheelbarrow
26:18 Chain Mail Armor
27:41 Bodkin Arrow
32:17 Imperial Age
30:10 Padded Archer Armor
32:38 Leather Archer Armor
32:49 Yeomen
33:10 Hand Cart
33:41 Conscription
33:31 Halberdier
36:40 Ballistics
37:22 Chemistry
39:05 Murder Holes
39:35 Town Watch
40:45 Heavy Plow
41:57 Two-Man Saw
41:07 Town Patrol
41:47 Arrowslits
45:33 Bracer
46:36 Plate Mail Armor
Connection lost

Rejoining the realm…

Still unreachable

The connection could not be restored.

Session expired

The server has moved on; the page needs a fresh start.